 Dungeon Crawl Stone Soup version 0.31-a0-1-g4198be8af4 (webtiles) character file.

Game seed: 3004964218903224774

9802 NinjaNoafa the Destroyer (level 11, 0/83 HPs)
             Began as a Gnoll Conjurer on May 1, 2023.
             Was an Elder of Cheibriados.
             Killed from afar by a gargoyle (9 damage)
             ... with a stone arrow
             ... on level 10 of the Dungeon.
             The game lasted 00:32:21 (8215 turns).

NinjaNoafa the Destroyer (Gnoll Conjurer)           Turns: 8215, Time: 00:32:21

Health: 0/83       AC:  9    Str: 17    XL:     11   Next: 52%
Magic:  17/23      EV: 17    Int: 32    God:    Cheibriados [****..]
Gold:   448        SH:  5    Dex: 20    Spells: 5/26 levels left

rFire   + + .        b - +6 falchion (freeze)
rCold   . . .        (no shield)
rNeg    + . .        J - +2 robe {rN+}
rPois   +            u - +0 helmet
rElec   +            (no cloak)
rCorr   .            z - +1 pair of gloves of the Untouchables {Contam rElec rF++ Regen+}
SInv    .            H - +0 pair of boots
Will    +....        K - amulet of reflection
Stlth   ++++         m - ring of willpower
HPRegen 1.13/turn    G - ring of poison resistance
MPRegen 0.18/turn

%: reflection
@: very slightly contaminated, hasted, slow
A: fangs 1, strong nose, distributed training
a: Renounce Religion, Bend Time, Temporal Distortion, Slouch


You were on level 10 of the Dungeon.
You worshipped Cheibriados.
Cheibriados was greatly pleased with you.
You visited 2 branches of the dungeon, and saw 11 of its levels.

You collected 448 gold pieces.

Inventory:

Hand Weapons
 b - a +6 falchion of freezing (weapon)
 c - a +4 dagger of venom
 d - a +3 great sword
Missiles
 r - 36 poisoned darts
 x - 12 boomerangs
 D - 3 javelins
 M - a curare-tipped dart
 O - a throwing net
Armour
 u - a +0 helmet (worn)
 z - the +1 pair of gloves of the Untouchables (worn) {Contam rElec rF++ Regen+}
   (You found it on level 4 of the Dungeon)

   rF:        It greatly protects you from fire.
   rElec:     It insulates you from electricity.
   Contam:    It causes magical contamination when unequipped.
   Regen:     It increases your rate of health regeneration.
 H - a +0 pair of boots (worn)
 J - a +2 robe of positive energy (worn)
Magical Staves
 a - a staff of air
Jewellery
 m - a ring of willpower (left hand)
 o - a ring of flight
 G - a ring of poison resistance (right hand)
 K - an amulet of reflection (around neck)
Wands
 k - a wand of roots (5)
 w - a wand of flame (24)
Scrolls
 f - 2 scrolls of fog {unknown}
 g - 3 scrolls of amnesia
 h - 3 scrolls of noise {unknown}
 q - 9 scrolls of teleportation
 v - 4 scrolls of magic mapping {unknown}
 y - a scroll of blinking {unknown}
 A - a scroll of immolation {unknown}
 B - 3 scrolls of vulnerability {unknown}
 F - a scroll of enchant armour {unknown}
 L - a scroll of fear {unknown}
Potions
 e - a potion of magic
 i - 2 potions of berserk rage
 j - 5 potions of curing
 l - 3 potions of attraction
 n - a potion of haste
 p - a potion of mutation {unknown}
 s - a potion of flight {unknown}
 t - a potion of resistance
 C - 2 potions of might
 E - 4 potions of lignification
 I - a potion of invisibility {unknown}
Miscellaneous
 N - a condenser vane


   Skills:
 + Level 6.6 Fighting
 + Level 6.6 Short Blades
 + Level 6.6 Long Blades
 + Level 6.6 Axes
 + Level 6.6 Maces & Flails
 + Level 6.6 Polearms
 + Level 6.6 Staves
 + Level 6.6 Ranged Weapons
 + Level 6.6 Throwing
 + Level 6.6 Armour
 + Level 8.1 Dodging
 + Level 7.9 Stealth
 + Level 6.6 Shields
 + Level 6.6 Unarmed Combat
 + Level 8.4 Spellcasting
 + Level 9.1 Conjurations
 + Level 5.5 Hexes
 + Level 5.5 Summonings
 + Level 5.5 Necromancy
 + Level 5.5 Translocations
 + Level 5.5 Transmutations
 + Level 5.5 Fire Magic
 + Level 5.5 Ice Magic
 + Level 5.5 Air Magic
 + Level 5.5 Earth Magic
 + Level 5.5 Poison Magic
 + Level 7.2 Invocations
 + Level 6.6 Evocations


You had 5 spell levels left.
You knew the following spells:

 Your Spells              Type           Power      Damage    Failure   Level
a - Magic Dart            Conj           100%       1d8       1%          1
b - Searing Ray           Conj           100%       2d8       1%          2
c - Dazzling Flash        Conj/Hex       100%       N/A       1%          3
d - Vhi's Electric Charg  Tloc/Air       96%        N/A       1%          3
e - Iskenderun's Mystic   Conj/Tloc      57%        2d12      1%          4
f - Mephitic Cloud        Conj/Pois/Air  54%        N/A       1%          3
g - Freezing Cloud        Conj/Ice/Air   27%        6-21      6%          5

Your spell library contained the following spells:

 Spells                   Type           Power      Damage    Failure   Level
 Sting                    Tmut/Pois      100%       1d8       1%          1
 Poisonous Vapours        Pois/Air       96%        N/A       1%          2
 Ozocubu's Armour         Ice            48%        N/A       1%          3
 Fulminant Prism          Conj/Hex       28%        3d13      1%          4
 Olgreb's Toxic Radiance  Pois           48%        N/A       3%          4
 Arcjolt                  Conj/Air       28%        1d38      4%          5
 Plasma Beam              Fire/Air       24%        2x1d39    50%         6
 Ozocubu's Refrigeration  Ice            24%        4d12      97%         7


Dungeon Overview and Level Annotations

Branches:
Dungeon (10/15)            Temple (1/1) D:6
   Lair: D:8-11         Orc: D:9-12

Altars:
Ashenzari
Cheibriados
Dithmenos
Elyvilon
Fedhas
Gozag
Hepliaklqana
Kikubaaqudgha
Makhleb
Okawaru
Qazlal
Ru
Sif Muna
Trog
Uskayaw
Vehumet
Wu Jian
Xom
Yredelemnul
Zin
The Shining One

Annotations:
D:6 2 transporters
D:7 1 runed translucent door, Crazy Yiuf


Innate Abilities, Weirdness & Mutations

You have very sharp teeth.
Your uncanny sense of smell can sniff out nearby items.
Your experience applies equally to all skills.


Message History

Cheibriados says: Take it easy.
Press ? for a list of commands and other information.
Unknown command.
Your +6 falchion of freezing glows with a cold blue light!
b - a +6 falchion of freezing (weapon)
The gargoyle barely misses you.
Your movement speed is very slow.
Your attack delay is about 0.9.
Your damage rating with your +6 falchion of freezing is about 18 (Base 8 x 125% (Dex) x 125% (Skill) + 6 (Ench)).
Your base attributes are Str 7, Int 22, Dex 10.
Unknown command.
Unknown command.
Unknown command.
Unknown command.
The gargoyle attacks as you move away! The gargoyle hits you with a +0 flail.
* * * LOW HITPOINT WARNING * * *
The gargoyle hurls a stone arrow at you.
The stone arrow hits you!
* * * LOW HITPOINT WARNING * * *
The shadow slips into darkness.
The shadow flickers and vanishes!
Deactivating autopickup; reactivate with Ctrl-A.
Cast which spell? (? or * to list)
Aiming: Freezing Cloud (dangerous; 6% risk of failure)
Press: ? - help, Dir - move target You miscast Freezing Cloud.
You are very lightly contaminated with residual magic.
You are covered in a thin layer of ice!
* * * LOW HITPOINT WARNING * * *
Unknown command.
It was a potion of haste.
You feel yourself speed up.
Cheibriados forgives your accidental hurry, just this once.
The gargoyle barely misses you.
Okay, then.
Unknown command.
The shadow strikes at you from the darkness!
* * * LOW HITPOINT WARNING * * *
Reactivating autopickup.
The gargoyle hurls a stone arrow at you.
The stone arrow hits you!
You die...

.....#.##........#
#.........#
.....'.###'#######
#.....>...#
.....### #.#
#.........# '#####
#.### ##.########
.# #.... ###....
.# ####.# .......
##
####.######.......
###
#.......#W'.......
..#
#......@.9#.......
..##
#.....!.###.......
..'. ..###.......#
....... ..##
...........#
.....<. ..#
###.......#
....... ###
#.......# ##'####
###.##### .. ###.#
#.## # #...# #..#


You could see a gargoyle and a shadow.

Vanquished Creatures
  Amaemon (D:10)
  A deep elf pyromancer (D:9)
  Joseph (D:7)
  A gargoyle (D:10)
  An orange demon (D:10)
  A hornet (D:8)
  Sigmund (D:5)
  18 yaks (D:9)
  A wyvern (D:10)
  Edmund (D:5)
  2 water moccasins
  A black bear (D:7)
  3 orc warriors
  2 sky beasts
  4 ice beasts
  An ogre (D:7)
  A centaur (D:5)
  3 phantoms
  3 kobold brigands
  3 bullfrogs
  3 scorpions
  22 wights
  12 killer bees
  A howler monkey (D:10)
  4 hounds
  2 orc priests
  A jelly (D:7)
  A sleepcap (D:4)
  Jessica (D:3)
  13 orc wizards
  Ijyb (D:4)
  Terence (D:2)
  3 iguanas
  Robin (D:4)
  4 gnolls (D:4)
  4 adders
  A shadow imp (D:5)
  An ufetubus (D:4)
  2 worms (D:2)
  3 dart slugs (D:4)
  18 orcs
  8 ball pythons
  7 endoplasms
  4 giant cockroaches
  17 goblins
  11 hobgoblins
  8 jackals (D:4)
  21 kobolds
  5 quokkas
  4 bats
  4 frilled lizards
  4 rats (D:2)
242 creatures vanquished.

Vanquished Creatures (collateral kills)
  A killer bee (D:8)
1 creature vanquished.

Vanquished Creatures (others)
  A plant (D:1)
  2 withered plants (D:8)
3 creatures vanquished.

Grand Total: 246 creatures vanquished

Notes
Turn   | Place    | Note
-------+----------+-------------------------------------------
     0 | D:1      | NinjaNoafa the Gnoll Conjurer began the quest for the Orb.
     0 | D:1      | Reached XP level 1. HP: 13/13 MP: 6/6
   141 | D:1      | Reached XP level 2. HP: 19/19 MP: 4/7
   415 | D:1      | Learned a level 2 spell: Searing Ray
  1051 | D:2      | Reached skill level 5 in Spellcasting
  1051 | D:2      | Reached XP level 3. HP: 25/25 MP: 2/9
  1060 | D:2      | Reached skill level 1 in Invocations
  1183 | D:2      | Learned a level 3 spell: Dazzling Flash
  1239 | D:2      | Reached skill level 1 in Fighting
  1239 | D:2      | Reached skill level 1 in Short Blades
  1239 | D:2      | Reached skill level 1 in Long Blades
  1239 | D:2      | Reached skill level 1 in Axes
  1239 | D:2      | Reached skill level 1 in Maces & Flails
  1239 | D:2      | Reached skill level 1 in Polearms
  1239 | D:2      | Reached skill level 1 in Staves
  1239 | D:2      | Reached skill level 1 in Ranged Weapons
  1239 | D:2      | Reached skill level 1 in Throwing
  1239 | D:2      | Reached skill level 1 in Armour
  1239 | D:2      | Reached skill level 1 in Shields
  1239 | D:2      | Reached skill level 1 in Unarmed Combat
  1239 | D:2      | Reached skill level 1 in Evocations
  1350 | D:2      | Noticed Terence
  1366 | D:2      | Killed Terence
  1367 | D:2      | Reached XP level 4. HP: 24/32 MP: 1/11
  1408 | D:2      | Reached skill level 1 in Hexes
  1408 | D:2      | Reached skill level 1 in Summonings
  1408 | D:2      | Reached skill level 1 in Necromancy
  1408 | D:2      | Reached skill level 1 in Translocations
  1408 | D:2      | Reached skill level 1 in Transmutations
  1408 | D:2      | Reached skill level 1 in Fire Magic
  1408 | D:2      | Reached skill level 1 in Ice Magic
  1408 | D:2      | Reached skill level 1 in Air Magic
  1408 | D:2      | Reached skill level 1 in Earth Magic
  1408 | D:2      | Reached skill level 1 in Poison Magic
  1627 | D:3      | Noticed Jessica
  1663 | D:3      | Killed Jessica
  1664 | D:3      | Reached XP level 5. HP: 37/37 MP: 4/12
  2431 | D:4      | Reached XP level 6. HP: 6/44 MP: 1/13
  2591 | D:4      | Identified the +1 pair of gloves of the Untouchables
                  | {Contam rElec rF++ Regen+}
  2834 | D:4      | Noticed Ijyb
  2852 | D:4      | Killed Ijyb
  2853 | D:4      | Reached skill level 5 in Dodging
  3120 | D:4      | Noticed Robin
  3159 | D:4      | Found a sacrificial altar of Ru.
  3163 | D:4      | Killed Robin
  3471 | D:5      | Entered Level 5 of the Dungeon
  3535 | D:5      | Reached XP level 7. HP: 46/51 MP: 7/15
  3651 | D:5      | Reached skill level 5 in Stealth
  3691 | D:5      | Noticed Sigmund
  3698 | D:5      | Killed Sigmund
  3705 | D:5      | Learned a level 3 spell: Vhi's Electric Charge
  3826 | D:5      | Noticed Edmund
  3848 | D:5      | Killed Edmund
  3849 | D:5      | Reached XP level 8. HP: 27/58 MP: 2/16
  3923 | D:5      | Learned a level 3 spell: Mephitic Cloud
  3928 | D:5      | Learned a level 4 spell: Iskenderun's Mystic Blast
  4091 | D:5      | Found a shimmering altar of Xom.
  4150 | D:6      | Found a bloodstained altar of Trog.
  4163 | D:6      | Found a transporter.
  4234 | D:6      | Found a transporter.
  4308 | D:6      | Found a staircase to the Ecumenical Temple.
  4317 | Temple   | Entered the Ecumenical Temple
  4520 | Temple   | Became a worshipper of Cheibriados the Contemplative
  4947 | D:6      | Reached XP level 9. HP: 53/65 MP: 13/18
  5007 | D:7      | Reached * piety under Cheibriados
  5055 | D:7      | Found a runed translucent door.
  5056 | D:7      | Noticed Crazy Yiuf
  5089 | D:7      | Noticed Joseph
  5092 | D:7      | Reached skill level 8 in Conjurations
  5594 | D:8      | Reached skill level 5 in Invocations
  5789 | D:7      | Reached ** piety under Cheibriados
  5937 | D:8      | Found a basalt altar of Yredelemnul.
  6022 | D:8      | Noticed a hornet
  6037 | D:8      | Killed a hornet
  6038 | D:8      | Reached skill level 5 in Fighting
  6038 | D:8      | Reached skill level 5 in Short Blades
  6038 | D:8      | Reached skill level 5 in Long Blades
  6038 | D:8      | Reached skill level 5 in Axes
  6038 | D:8      | Reached skill level 5 in Maces & Flails
  6038 | D:8      | Reached skill level 5 in Polearms
  6038 | D:8      | Reached skill level 5 in Staves
  6038 | D:8      | Reached skill level 5 in Ranged Weapons
  6038 | D:8      | Reached skill level 5 in Throwing
  6038 | D:8      | Reached skill level 5 in Armour
  6038 | D:8      | Reached skill level 5 in Shields
  6038 | D:8      | Reached skill level 5 in Unarmed Combat
  6038 | D:8      | Reached skill level 5 in Evocations
  6038 | D:8      | Reached XP level 10. HP: 68/74 MP: 11/20
  6551 | D:7      | Killed Joseph
  6943 | D:9      | Reached *** piety under Cheibriados
  6960 | D:9      | Reached skill level 5 in Hexes
  6960 | D:9      | Reached skill level 5 in Summonings
  6960 | D:9      | Reached skill level 5 in Necromancy
  6960 | D:9      | Reached skill level 5 in Translocations
  6960 | D:9      | Reached skill level 5 in Transmutations
  6960 | D:9      | Reached skill level 5 in Fire Magic
  6960 | D:9      | Reached skill level 5 in Ice Magic
  6960 | D:9      | Reached skill level 5 in Air Magic
  6960 | D:9      | Reached skill level 5 in Earth Magic
  6960 | D:9      | Reached skill level 5 in Poison Magic
  7086 | D:8      | Learned a level 5 spell: Freezing Cloud
  7096 | D:9      | Reached XP level 11. HP: 76/81 MP: 14/22
  7174 | D:9      | Reached **** piety under Cheibriados
  7356 | D:9      | Found a broken altar of Ashenzari.
  7481 | D:9      | Noticed a deep elf pyromancer
  7489 | D:9      | Killed a deep elf pyromancer
  7533 | D:9      | Reached skill level 9 in Conjurations
  7755 | D:10     | Entered Level 10 of the Dungeon
  7945 | D:10     | Found a stormy altar of Qazlal.
  7946 | D:10     | Noticed Amaemon
  7954 | D:10     | Killed Amaemon
  8215 | D:10     | Killed from afar by a gargoyle

Illustrated notes

Levels and vault maps discovered:
D:1:      eino_arrival_druids_welcome, layout_loops_ring, serial_forest,
          infiniplex_forest_lined_room_3, infiniplex_forest_lined_2,
          infiniplex_forest_clump_tiny, infiniplex_forest_end_2,
          infiniplex_forest_lined_3_way, infiniplex_forest_straight_4,
          infiniplex_forest_end_3, infiniplex_forest_lined_4_way,
          minmay_misc_feat_rugged
D:2:      layout_rooms, minmay_puff, uniq_terence
D:3:      layout_loops_cross, minmay_pentomino_pile, uniq_jessica
D:4:      layout_loops_ring, kennysheep_mini_moat, uniq_robin, uniq_ijyb
D:5:      layout_basic, lemuel_crystal_altar, uniq_sigmund, uniq_edmund
D:6:      gammafunk_steamed_eel, layout_cave_pools,
          mainiacjoe_overflow_tiny_flanked, minmay_temple_entry_large_hall,
          small_statue_intersection, minmay_a_box_with_orc_wizards_in_it
D:7:      layout_rooms, chequers_serial_rivers_large_a, uniq_crazy_yiuf_cottage,
          uniq_joseph
D:8:      layout_basic, yredelemnul_altar_generic
D:9:      layout_rooms, ashenzari_altar_1, grunt_ministairs_6,
          guppyfry_early_elven_hall
D:10:     layout_roguey, nemelex_xobeh_ov_fountains_minmay,
          mainiacjoe_overflow_paths, serial_shops, nicolae_shop_behind_doors,
          st_stairs_8, uniq_urug, uniq_amaemon
Temple:   nicolae_temple_bog_church

Skill      XL: |  1  2  3  4  5  6  7  8  9 10 11 |
---------------+----------------------------------+-----
Spellcasting   | 5 6 7 8 |  8.4
Invocations    | 1 2 3 4 5 6 7 |  7.2
Fighting       | 1 2 3 5 6 |  6.6
Short Blades   | 1 2 3 5 6 |  6.6
Long Blades    | 1 2 3 5 6 |  6.6
Axes           | 1 2 3 5 6 |  6.6
Maces & Flails | 1 2 3 5 6 |  6.6
Polearms       | 1 2 3 5 6 |  6.6
Staves         | 1 2 3 5 6 |  6.6
Ranged Weapons | 1 2 3 5 6 |  6.6
Throwing       | 1 2 3 5 6 |  6.6
Armour         | 1 2 3 5 6 |  6.6
Shields        | 1 2 3 5 6 |  6.6
Unarmed Combat | 1 2 3 5 6 |  6.6
Evocations     | 1 2 3 5 6 |  6.6
Hexes          | 1 2 3 4 5 |  5.5
Summonings     | 1 2 3 4 5 |  5.5
Necromancy     | 1 2 3 4 5 |  5.5
Translocations | 1 2 3 4 5 |  5.5
Transmutations | 1 2 3 4 5 |  5.5
Fire Magic     | 1 2 3 4 5 |  5.5
Ice Magic      | 1 2 3 4 5 |  5.5
Air Magic      | 1 2 3 4 5 |  5.5
Earth Magic    | 1 2 3 4 5 |  5.5
Poison Magic   | 1 2 3 4 5 |  5.5
Dodging        | 5 6 7 8 |  8.1
Stealth        | 5 6 7 |  7.9
Conjurations   | 8 9 |  9.1

Action                     |  1- 3 |  4- 6 |  7- 9 | 10-12 || total
---------------------------+-------+-------+-------+-------++-------
  Melee: Short sword       |   103 |     6 |       |       ||   109
         Bite              |    27 |     4 |    21 |    17 ||    69
         Unarmed           |     4 |     3 |       |       ||     7
         Staff             |       |     6 |    72 |       ||    78
         Dagger            |       |    22 |    81 |       ||   103
         Punch             |       |     2 |     7 |     6 ||    15
         Morningstar       |       |       |    17 |    61 ||    78
         Trident           |       |       |    16 |       ||    16
         Great sword       |       |       |     2 |     3 ||     5
         Falchion          |       |       |       |    17 ||    17
   Cast: Magic Dart        |    49 |    31 |     1 |       ||    81
         Searing Ray       |     4 |    33 |    10 |     6 ||    53
         Dazzling Flash    |       |     2 |     5 |       ||     7
         Vhi's Electric Ch |       |       |    24 |    20 ||    44
         Mephitic Cloud    |       |       |     7 |     8 ||    15
         Iskenderun's Myst |       |       |    25 |    28 ||    53
         Freezing Cloud    |       |       |       |     7 ||     7
    Use: Potion            |     1 |     2 |     2 |     2 ||     7
         Scroll            |       |       |     2 |     8 ||    10
   Stab: Sleeping          |       |     2 |     4 |     1 ||     7
         Confused          |       |       |     2 |     2 ||     4
         Distracted        |       |       |       |     1 ||     1
 Armour: Skin              |     5 |     3 |     5 |       ||    13
         Robe              |       |    16 |     4 |    23 ||    43
         Animal skin       |       |     1 |    69 |       ||    70
  Dodge: Dodged            |     3 |   107 |   194 |    89 ||   393
  Block: Other             |       |       |       |    27 ||    27

Table legend: (Time is in decaauts)
 A = Elapsed time spent in this place.
 B = Non-inter-level travel time spent in this place.
 C = Inter-level travel time spent in this place.
 D = Time resting spent in this place.
 E = Time spent auto-exploring this place.
 F = Levels seen in this place.
 G = Mean time per level.
                   A        B        C        D        E       F      G
               +--------+--------+--------+--------+--------+-----+--------+
         Total |   9733 |   8943 |    790 |    710 |   5771 |  11 |  884.8 |
       Dungeon |   9504 |   8743 |    761 |    710 |   5593 |  10 |  950.4 |
        Temple |    228 |    200 |     28 |      0 |    178 |   1 |  228.0 |
               +--------+--------+--------+--------+--------+-----+--------+

Top non-repeatable levels by time:
     D:8: 1857 daAuts
     D:4: 1186 daAuts
     D:9: 1167 daAuts
     D:1: 995 daAuts
     D:7: 974 daAuts
     D:6: 739 daAuts
     D:3: 677 daAuts
     D:5: 672 daAuts
    D:10: 638 daAuts
     D:2: 595 daAuts
  Temple: 228 daAuts
